 Dungeon Crawl Stone Soup version 0.28-a0-1518-gbe868bca14 (webtiles) character file.

Game seed: 17721878432776099035

143 knot the Chopper (level 5, 27/41 HPs)
             Began as a Demonspawn Berserker on Jan 16, 2022.
             Was a Believer of Trog.
             Quit the game in an ossuary.
             The game lasted 00:03:05 (2822 turns).

knot the Chopper (Demonspawn Berserker)             Turns: 2822, Time: 00:03:06

Health: 27/41      AC:  7    Str: 18    XL:     5   Next: 4%
Magic:  5/5        EV: 10    Int: 10    God:    Trog [**....]
Gold:   120        SH:  0    Dex: 12    Spells: 4/4 levels left

rFire   . . .      SeeInvis +   a - +0 hand axe
rCold   . . .      Faith    .   (no shield)
rNeg    . . .      Spirit   .   v - +0 scale mail
rPois   .          Reflect  .   (helmet restricted)
rElec   .          Harm     .   (no cloak)
rCorr   .          Rampage  .   i - +0 pair of gloves
Will    .....                   (no boots)
Stlth   ..........              (no amulet)
HPRegen 0.13/turn               d - ring of see invisible
MPRegen 0.09/turn               (no ring)

@: no status effects
A: horns 1, powered by death 1, demonic magic 1
a: Renounce Religion, Berserk, Trog's Hand


You were in an ossuary.
You worshipped Trog.
Trog was pleased with you.
You visited 1 branch of the dungeon, and saw 4 of its levels.
You also visited: Ossuary.

You collected 120 gold pieces.

Inventory:

Hand Weapons
 a - a +0 hand axe (weapon)
Missiles
 l - 7 poisoned darts (quivered)
 o - 22 stones
 t - 15 sling bullets
Armour
 i - a +0 pair of gloves (worn)
 v - a +0 scale mail (worn)
Jewellery
 d - a ring of see invisible (left hand)
Scrolls
 c - a scroll of immolation {unknown}
 h - a scroll of identify {unknown}
 j - a scroll of noise {unknown}
 n - a scroll of brand weapon {unknown}
 q - a scroll of fog {unknown}
 r - a scroll of summoning {unknown}
Potions
 e - a potion of curing {unknown}
 f - a potion of berserk rage {unknown}
 g - a potion of lignification {unknown}
 k - 2 potions of brilliance {unknown}
 m - a potion of mutation {unknown}
 p - 2 potions of resistance {unknown}
 s - a potion of invisibility {unknown}


   Skills:
 - Level 3.0 Fighting
 * Level 4.5 Axes
 * Level 2.3 Throwing
 - Level 1.7 Armour
 - Level 1.7 Dodging


You had 4 spell levels left.
You didn't know any spells.
Your spell library contained the following spells:

 Spells                   Type           Power      Damage    Failure   Level
 Frozen Ramparts          Ice            0%         1d2       98%         3
 Ice Form                 Ice/Tmut       0%         N/A       100%        4
 Summon Ice Beast         Ice/Summ       0%         N/A       100%        4


Dungeon Overview and Level Annotations

Branches:
Dungeon (4/15)            Ossuary (1/1)
 Temple: D:4-7

Altars:
The Shining One

Shops:
D:3 (


Innate Abilities, Weirdness & Mutations

You have a pair of small horns on your head.
You regenerate a little health from kills.
Spells you cast may paralyse adjacent enemies.


Message History

Press: ? - help, Q - select action, (/) - cycle Shift-Dir - straight line, f/p - mummy
Aim: a mummy (moderately damaged, 74% to hit)
You throw a stone.
The stone hits the mummy but does no damage.
The mummy is moderately damaged.
Throw: 22 stones
Press: ? - help, Q - select action, (/) - cycle Shift-Dir - straight line, f/p - mummy
Aim: a mummy (moderately damaged, 74% to hit)
Okay, then.
Throw: throwing net
Press: ? - help, Q - select action, (/) - cycle Shift-Dir - straight line, f/p - mummy
Aim: a mummy (moderately damaged, 74% to hit)
You throw a throwing net. The throwing net hits the mummy.
The mummy is caught in the net!
The mummy is moderately damaged.
You hit the mummy. You headbutt the mummy.
The mummy is severely damaged.
The mummy struggles against the net.
You hit the mummy.
The mummy is severely damaged.
You hit the mummy but do no damage.
The mummy is severely damaged.
The mummy struggles against the net.
You hit the mummy.
The mummy is almost destroyed.
You catch the helpless mummy completely off-guard!
You hit the mummy but do no damage.
The mummy is almost destroyed.
The mummy struggles against the net.
You hit the mummy but do no damage.
The mummy is almost destroyed.
The mummy struggles against the net.
You strike the helpless mummy from behind!
You hit the mummy.
You destroy the mummy!
Trog accepts your kill.
You have reached level 5!
Your demonic ancestry asserts itself...
A menacing aura infuses your magic.
Are you sure you want to abandon this character and quit the game? (Confirm with "yes".)

##### ###
#@((#≈'M≈≈
#.∩.((#
#∩..#.≈.#
##### ≈#≈≈


There were no monsters in sight!

Vanquished Creatures
  A jelly (D:3)
  Terence (D:3)
  A mummy (Ossuary)
  An adder (D:3)
  An adder skeleton (D:4)
  A worm (D:3)
  3 dart slugs
  2 ball pythons
  8 endoplasms
  2 giant cockroaches (D:1)
  8 goblins
  8 hobgoblins
  2 quokkas
  4 bats
  4 frilled lizards
  7 kobolds
  2 rats (D:3)
56 creatures vanquished.

Vanquished Creatures (others)
  8 withered plants (Ossuary)
8 creatures vanquished.

Grand Total: 64 creatures vanquished

Notes
Turn   | Place    | Note
-------+----------+-------------------------------------------
     0 | D:1      | knot the Demonspawn Berserker began the quest for the Orb.
     0 | D:1      | Reached XP level 1. HP: 18/18 MP: 1/1
    56 | D:1      | Found a faded altar of an unknown god.
   111 | D:1      | Reached skill level 3 in Axes
   132 | D:1      | Gained mutation: You have a pair of small horns on your
                  | head. [demonic ancestry]
   132 | D:1      | Reached XP level 2. HP: 22/24 MP: 2/2
   860 | D:2      | Gained mutation: You regenerate a little health from kills.
                  | [demonic ancestry]
   860 | D:2      | Reached XP level 3. HP: 25/29 MP: 3/3
   860 | D:2      | Reached ** piety under Trog
  1225 | D:2      | Reached skill level 1 in Throwing
  1545 | D:3      | Found Raivvum's Weapon Emporium.
  1546 | D:3      | Noticed Terence
  1555 | D:3      | Killed Terence
  1556 | D:3      | Reached skill level 4 in Axes
  1556 | D:3      | Reached XP level 4. HP: 21/35 MP: 4/4
  2649 | D:4      | Found a sand-covered staircase.
  2666 | Ossuary  | Entered an ossuary
  2822 | Ossuary  | Gained mutation: Spells you cast may paralyse adjacent
                  | enemies. [demonic ancestry]
  2822 | Ossuary  | Reached XP level 5. HP: 27/41 MP: 5/5
  2822 | Ossuary  | Quit the game

Illustrated notes

Levels and vault maps discovered:
D:1:      dpeg_arrival_three_bigger_balls, layout_basic,
          shapermc_ecumenical_altar_venn, chequers_mini_garden
D:2:      layout_rooms, amcnicky_mini_pool_small, hangedman_decor_growths
D:3:      layout_loops_ring, mainiacjoe_overflow_small_starburst, serial_shops,
          nicolae_square_shop, bh_walls_and_bars, uniq_terence
D:4:      layout_rooms, enter_ossuary_4
Ossuary:  ossuary_zaba_flooded

Skill      XL: |  1  2  3  4 |
---------------+-------------+-----
Axes           | 3 4 |  4.5
Throwing       | 1 2 |  2.3
Fighting       | |  3.0
Armour         | |  1.7
Dodging        | |  1.7

Action                   |  1- 3 |  4- 6 || total
-------------------------+-------+-------++-------
Melee: Hand axe          |    98 |    38 ||   136
       Headbutt          |    10 |     7 ||    17
Throw: Stone             |       |    10 ||    10
       Throwing net      |       |     2 ||     2
Invok: Berserk           |     1 |       ||     1
 Stab: Sleeping          |     1 |     2 ||     3
       Held in net/web   |       |     2 ||     2
Armor: Animal skin       |    19 |     4 ||    23
       Scale mail        |       |     8 ||     8
Dodge: Dodged            |    47 |    15 ||    62

Table legend: (Time is in decaauts)
 A = Elapsed time spent in this place.
 B = Non-inter-level travel time spent in this place.
 C = Inter-level travel time spent in this place.
 D = Time resting spent in this place.
 E = Time spent auto-exploring this place.
 F = Levels seen in this place.
 G = Mean time per level.
                   A        B        C        D        E       F      G
               +--------+--------+--------+--------+--------+-----+--------+
         Total |   2847 |   2734 |    113 |    545 |   1776 |   5 |  569.4 |
       Dungeon |   2691 |   2578 |    113 |    403 |   1776 |   4 |  672.8 |
       Ossuary |    156 |    156 |      0 |    142 |      0 |   1 |  156.0 |
               +--------+--------+--------+--------+--------+-----+--------+

Top non-repeatable levels by time:
     D:3: 1165 daAuts
     D:1: 756 daAuts
     D:2: 743 daAuts
 Ossuary: 156 daAuts
     D:4: 26 daAuts
